Map: Nightshade LE

Players

TIME (Oliveira) - Winner!

  • Race: Terran Terran
  • League: Grandmaster
  • Spawn Location: 11:00

Zest

  • Race: Protoss Protoss
  • League: Master
  • Spawn Location: 5:00

Event: Shopify TSL 5

VOD

Have the link to the VOD?

Description

Time

  • Played on: May 23, 2020, 1:11 p.m.
  • Length: 14:19

All games in this series

Show
View Real Time Build Order
Export as new Build Order

TIME Terran - Winner!

Build Orders: Reaper Expand 

Get SALT Encoding   

  12  0:00  SCV  
  13  0:13  SCV  
  14  0:17  Supply Depot  
  14  0:25  SCV  
  15  0:39  SCV  
  15  0:40  Barracks  
  16  0:43  Refinery  
  16  0:51  SCV  
  17  1:03  SCV  
  18  1:15  SCV  
  19  1:28  Reaper, Orbital Command  
  20  1:47  Command Center  
  20  1:51  Supply Depot  
  20  1:54  SCV  
  21  2:00  Marine  
  22  2:06  SCV  
  23  2:11  Factory  
  23  2:18  SCV, Refinery  
  23  2:21  Barracks Reactor  
  24  2:27  Bunker  
  24  2:30  SCV  
  25  2:42  SCV  
  25  2:54  SCV  
  25  2:56  Hellion, Starport  
  25  2:58  Marine x2  
  28  3:04  Orbital Command  
  30  3:08  SCV  
  31  3:16  Marine x2  
  31  3:18  Widow Mine  
  35  3:21  SCV  
  36  3:30  SCV  
  36  3:32  Medivac  
  36  3:33  SCV  
  40  3:37  Barracks  
  40  3:41  Widow Mine  
  42  3:44  SCV  
  42  3:45  SCV  
  42  3:48  Supply Depot  
  44  3:53  Marine x2  
  46  4:00  Barracks  
  46  4:05  Starport Tech Lab, Factory Tech Lab  
  46  4:09  SCV x2, Supply Depot  
  48  4:12  Marine  
  48  4:13  Marine  
  50  4:21  SCV x2  
  52  4:27  Engineering Bay  
  52  4:30  Refinery, Siege Tank  
  55  4:33  SCV, Stimpack  
  55  4:34  Marine  
  55  4:36  SCV  
  58  4:41  Supply Depot  
  58  4:42  Marine  
  58  4:43  Marine  
  60  4:46  SCV, Starport Reactor  
  60  4:48  SCV  
  62  4:55  Terran Infantry Weapons Level 1  
  62  5:01  Supply Depot  
  62  5:02  SCV  
  62  5:03  Supply Depot  
  62  5:05  SCV  
  64  5:07  Marine x2  
  64  5:09  Factory Reactor  
  64  5:11  Marauder  
  64  5:12  Marauder  
  70  5:15  Combat Shield  
  70  5:19  Supply Depot  
  70  5:22  SCV x2  
  70  5:27  Marine x2  
  74  5:29  Refinery  
  74  5:32  Medivac  
  74  5:33  Medivac  
  78  5:35  SCV x2  
  78  5:39  Marauder  
  78  5:40  Marauder  
  82  5:43  Supply Depot  
  82  5:47  Widow Mine  
  82  5:48  Widow Mine  
  86  5:52  Missile Turret  
  86  5:55  Marine x2  
  86  5:57  SCV x2  
  90  6:03  Marauder, Marine  
  93  6:08  Supply Depot  
  93  6:10  Widow Mine x2  
  97  6:13  Marine  
  98  6:21  Marauder  
  98  6:23  Marine  
  98  6:25  Marauder  
  101  6:30  Marine  
  101  6:32  SCV  
  96  6:41  Marine  
  96  6:43  Marauder  
  96  6:46  Marine  
  93  6:48  Marine  
  93  6:49  Terran Infantry Armor Level 1  
  81  6:59  Marine  
  81  7:00  SCV x2  
  67  7:03  Marine  
  67  7:04  Marauder  
  67  7:06  Marine  
  60  7:12  SCV  
  60  7:13  SCV  
  61  7:17  Marine  
  61  7:22  Marauder, Widow Mine  
  66  7:24  SCV, Marine  
  66  7:25  SCV, Marauder  
  66  7:28  Concussive Shells  
  71  7:34  Widow Mine  
  71  7:35  Marine  
  71  7:36  SCV  
  75  7:37  SCV  
  75  7:39  Medivac  
  75  7:42  Medivac, Marine  
  75  7:43  Marauder  
  83  7:46  Marine  
  83  7:49  SCV x2  
  86  7:52  Widow Mine, Marine  
  89  8:00  Marine  
  89  8:01  SCV  
  89  8:02  SCV, Widow Mine  
  94  8:09  Marauder, Marine  
  89  8:14  Liberator x2  
  89  8:15  Marine, Widow Mine  
  89  8:17  Marine  
  98  8:20  SCV x2  
  98  8:25  Widow Mine  
  104  8:27  Marauder  
  104  8:32  SCV  
  105  8:34  Supply Depot  
  105  8:35  Marine  
  105  8:37  Command Center  
  105  8:39  Widow Mine  
  108  8:42  Marine  
  108  8:44  SCV  
  110  8:55  Marine  
  110  8:59  Medivac  
  107  9:05  Marine x2  
  107  9:06  Marauder, Liberator  
  109  9:11  Widow Mine  
  109  9:12  SCV x2, Supply Depot  
  109  9:14  Marine  
  112  9:17  Supply Depot  
  112  9:20  Widow Mine  
  114  9:26  Marauder, Marine  
  114  9:30  Marauder  
  118  9:32  Marine  
  118  9:34  Widow Mine, Liberator  
  120  9:42  Supply Depot  
  120  9:43  Widow Mine  
  120  9:44  Marine  
  123  9:48  Marauder  
  123  9:49  Medivac  
  123  9:50  Marine  
  128  9:54  Orbital Command  
  128  9:56  Marine  
  127  10:02  Marine  
  125  10:14  Marine x2  
  125  10:15  Marauder  
  125  10:16  Widow Mine  
  125  10:19  Orbital Command  
  125  10:20  Marine  
  114  10:21  Widow Mine  
  114  10:22  Medivac x2  
  114  10:26  SCV x2  
  120  10:32  Marine  
  120  10:33  Marauder  
  123  10:36  Marine  
  123  10:37  Widow Mine  
  123  10:38  Marine  
  127  10:48  SCV x2  
  127  10:49  SCV  
  130  10:50  Marine  
  130  10:52  Supply Depot  
  130  10:54  Marauder  
  130  10:55  Marauder  
  130  10:56  Marine  
  136  11:00  Medivac x2, Widow Mine  
  136  11:03  SCV  
  143  11:08  Marine  
  144  11:13  Marine  
  144  11:15  Marine  
  144  11:16  Marauder  
  135  11:26  Marine  
  135  11:31  Marine, Widow Mine x2  
  121  11:33  SCV, Marauder  
  121  11:36  Liberator x2  
  121  11:37  Marine, Ghost Academy  
  121  11:39  Barracks  
  125  11:40  Barracks  
  125  11:45  Marine  
  125  11:46  SCV  
  125  11:47  SCV  
  124  11:49  SCV, Marine  
  126  11:55  Marauder  
  126  11:59  SCV  
  129  12:03  Widow Mine x2  
  129  12:05  SCV  
  129  12:08  SCV  
  135  12:10  Supply Depot  
  135  12:11  SCV  
  139  12:17  Armory, Engineering Bay  
  139  12:19  Ghost x2  
  139  12:21  Marine  
  141  12:27  Missile Turret, Widow Mine x2  
  145  12:30  Missile Turret  
  145  12:33  Missile Turret  
  145  12:36  Missile Turret  
  142  12:37  Barracks Reactor, Barracks Tech Lab  
  142  12:42  Missile Turret  
  141  12:49  Ghost x2  
  141  12:51  Marine  
  146  12:53  Marine  
  143  13:04  Marauder  
  145  13:08  Marine  
  145  13:10  Marine  
  147  13:18  Marine  
  147  13:19  Marine x2  
  152  13:20  Marauder  
  152  13:24  Widow Mine x2, Marine  
  157  13:31  Liberator  
  157  13:32  Marine x2  
  162  13:37  Supply Depot  
  162  13:47  Marine  
  162  13:48  Marauder  
  147  13:53  Marine x2  
  147  13:54  Marauder x2  
  140  14:01  Marine  
Show
View Real Time Build Order
Export as new Build Order

Zest Protoss 

Build Orders: 1 Gate Expand, Blink Stalkers, Chargelot Immortal 

Get SALT Encoding   

  12  0:00  Probe  
  13  0:12  Probe  
  14  0:17  Pylon  
  14  0:25  Probe (Chrono Boost)  
  15  0:37  Probe (Chrono Boost), Gateway  
  16  0:44  Probe (Chrono Boost)  
  16  0:46  Assimilator  
  17  0:51  Probe  
  18  1:03  Probe  
  19  1:15  Probe  
  20  1:25  Cybernetics Core  
  20  1:32  Nexus  
  20  1:36  Probe  
  21  1:42  Pylon  
  21  1:48  Probe  
  21  1:50  Assimilator  
  22  1:58  Adept (Chrono Boost)  
  22  2:00  Probe (Chrono Boost)  
  25  2:02  Warp Gate  
  25  2:12  Probe (Chrono Boost)  
  26  2:18  Probe (Chrono Boost)  
  27  2:22  Twilight Council  
  27  2:26  Probe  
  28  2:35  Stalker  
  30  2:38  Probe  
  31  2:44  Probe  
  31  2:50  Probe  
  31  2:51  Blink (Chrono Boost)  
  33  2:54  Gateway  
  33  2:56  Probe  
  34  3:02  Probe  
  35  3:11  Stalker  
  35  3:12  Probe  
  38  3:18  Probe  
  39  3:24  Probe  
  40  3:27  Robotics Facility  
  40  3:30  Probe  
  41  3:36  Probe  
  42  3:43  Probe, Pylon  
  44  3:48  Probe  
  44  3:51  Nexus  
  44  3:53  Sentry  
  44  3:55  Pylon  
  46  4:01  Probe  
  46  4:02  Stalker  
  49  4:03  Probe  
  49  4:06  Phoenix, Assimilator  
  50  4:13  Probe  
  50  4:15  Probe, Observer  
  53  4:20  Stalker, Pylon  
  55  4:25  Probe  
  55  4:28  Probe, Stalker  
  59  4:37  Probe  
  60  4:39  Gateway  
  60  4:40  Probe, Gateway  
  61  4:46  Stalker  
  61  4:49  Probe, Observer  
  61  4:51  Stalker  
  61  4:52  Probe  
  68  5:00  Pylon  
  68  5:03  Probe x2  
  70  5:10  Warp Prism (Chrono Boost), Probe  
  70  5:13  Forge  
  73  5:15  Charge (Chrono Boost)  
  73  5:17  Probe  
  73  5:20  Probe  
  75  5:22  Probe  
  76  5:33  Protoss Ground Weapons Level 1 (Chrono Boost)  
  76  5:37  Gateway x2  
  76  5:40  Gateway  
  76  5:43  Immortal (Chrono Boost)  
  76  5:49  Sentry, Pylon  
  82  5:50  Probe x2  
  82  5:53  Probe  
  85  5:57  Pylon  
  85  6:03  Pylon  
  85  6:05  Gateway  
  85  6:06  Pylon  
  85  6:07  Probe  
  85  6:11  Zealot x3  
  90  6:13  Zealot  
  90  6:17  Immortal (Chrono Boost)  
  87  6:32  Zealot x5  
  97  6:39  Stalker  
  91  6:51  Zealot  
  83  6:54  Zealot x3  
  83  6:55  Zealot x2  
  77  7:01  Immortal  
  77  7:07  Observer  
  63  7:09  Zealot x2, Observer  
  57  7:15  Zealot  
  57  7:16  Zealot x2  
  63  7:24  Probe x2 (Chrono Boost)  
  63  7:25  Probe (Chrono Boost)  
  63  7:26  Protoss Ground Armor Level 1 (Chrono Boost)  
  66  7:31  Observer  
  66  7:32  Sentry x3  
  66  7:34  Probe x2 (Chrono Boost)  
  66  7:35  Probe (Chrono Boost)  
  75  7:39  Probe (Chrono Boost)  
  76  7:44  Warp Prism (Chrono Boost)  
  76  7:50  Zealot x3  
  84  7:53  Zealot  
  86  8:01  Stalker x3  
  92  8:08  Observer  
  92  8:14  Stalker  
  92  8:18  Probe x3  
  97  8:26  Observer  
  97  8:30  Probe x3  
  100  8:35  Stalker x2  
  100  8:39  Pylon  
  104  8:42  Probe x2  
  104  8:46  Probe, Photon Cannon  
  107  8:54  Probe  
  102  8:59  Observer  
  90  9:07  Stalker x4  
  90  9:08  Probe x2, Stalker  
  102  9:10  Probe  
  103  9:19  Pylon  
  103  9:23  Immortal (Chrono Boost)  
  103  9:29  Zealot x2, Assimilator  
  103  9:31  Assimilator  
  111  9:36  Zealot  
  111  9:37  Zealot x4  
  121  9:55  Zealot x2  
  125  10:01  Zealot x5  
  135  10:12  Observer  
  128  10:17  Zealot x2  
  107  10:22  Stalker x5, Protoss Ground Weapons Level 2 (Chrono Boost)  
  114  10:31  Warp Prism (Chrono Boost)  
  116  10:38  Dark Shrine  
  116  10:42  Sentry  
  118  10:48  Pylon, Zealot x3  
  124  10:53  Pylon x2  
  124  11:01  Observer (Chrono Boost)  
  125  11:10  Stalker x3  
  125  11:11  Stalker x4  
  105  11:36  Stalker  
  105  11:37  Stalker x6  
  107  11:43  Probe (Chrono Boost)  
  101  11:48  Probe (Chrono Boost)  
  101  11:49  Probe (Chrono Boost)  
  104  11:55  Probe (Chrono Boost)  
  104  11:58  Probe x2 (Chrono Boost)  
  104  12:00  Dark Templar  
  108  12:01  Probe (Chrono Boost)  
  108  12:03  Probe (Chrono Boost)  
  108  12:08  Dark Templar  
  112  12:19  Sentry x2  
  116  12:26  Zealot x2, Dark Templar  
  116  12:27  Probe x2  
  120  12:56  Observer  
  120  12:57  Observer  
  120  13:07  Probe x2  
  120  13:09  Probe  
  120  13:10  Zealot  
  120  13:11  Zealot x6  
  137  13:13  Observer  
  137  13:15  Nexus  
  137  13:29  Observer (Chrono Boost)  
  137  13:32  Zealot x5  
  148  13:37  Pylon  
  148  13:41  Pylon  
  97  13:58  Zealot x7  
Tags
 
Add a new tag
Caveats
  • Supply blocks, unpowered buildings, or Contaminate may cause inaccurate times.
  • Supply counts are checked every 10 seconds.